 Dungeon Crawl Stone Soup version 0.22-a0-305-gd21a89c (webtiles) character file.

1246 Firecrotchwizard the Cruncher (level 8, -9/73 HPs)
             Began as a Minotaur Gladiator on Mar 29, 2018.
             Killed by divine providence
             ... invoked by an orc priest
              (13 damage)
             ... on level 5 of the Dungeon.
             The game lasted 00:07:09 (4639 turns).

Firecrotchwizard the Cruncher (Minotaur Gladiator)  Turns: 4639, Time: 00:07:10

Health: -9/73      AC:  9    Str: 19    XL:     8   Next: 25%
Magic:  7/7        EV:  8    Int:  5    God:
Gold:   214        SH:  0    Dex: 14    Spells: 7/7 levels left

rFire    . . .     SeeInvis .   a - +0 quarterstaff
rCold    . . .     Gourm    .   (shield currently unavailable)
rNeg     . . .     Faith    .   q - +0 chain mail
rPois    .         Spirit   .   c - +0 hat
rElec    .         Reflect  .   (no cloak)
rCorr    .         Harm     .   s - +0 pair of gloves
MR       .....                  (no boots)
Stlth    ..........             (no amulet)
HPRegen  0.22/turn              (no ring)
MPRegen  0.10/turn              (no ring)

@: no status effects
A: retaliatory headbutt, horns 2
a: no special abilities


You were on level 5 of the Dungeon.
You were not hungry.

You visited 1 branch of the dungeon, and saw 5 of its levels.
You also visited: Sewer.

You collected 214 gold pieces.

Inventory:

Hand Weapons
 a - a +0 quarterstaff (weapon)
 y - a +2 rapier of holy wrath
   (You took it off Duvessa on level 5 of the Dungeon)
Missiles
 d - 3 throwing nets {=f, !d}
Armour
 b - a +0 leather armour
 c - a +0 hat (worn)
 p - a +0 ring mail
   (You found it on level 2 of the Dungeon)
 q - a +0 chain mail (worn)
   (You took it off a goblin on level 3 of the Dungeon)
 s - a +0 pair of gloves (worn)
   (You found it on level 4 of the Dungeon)
Magical Staves
 B - an uncursed staff of cold {unknown}
   (You found it on level 5 of the Dungeon)
Jewellery
 r - an uncursed ring of resist corrosion {unknown}
   (You took it off an orc on level 4 of the Dungeon)
Wands
 l - a wand of scattershot (7)
   (You took it off an orc on level 4 of the Dungeon)
 o - a wand of iceblast (20)
   (You found it on level 2 of the Dungeon)
Scrolls
 g - 2 scrolls of fog
 i - 4 scrolls of teleportation {unknown}
 j - 8 scrolls of identify
 t - a scroll of blinking {unknown}
 v - a scroll of noise {unknown}
 w - a scroll of immolation {unknown}
Potions
 e - 2 potions of heal wounds
 h - 2 potions of agility
 k - 2 potions of lignification {!q}
 m - a potion of brilliance {unknown}
 n - a potion of cancellation {unknown}
 u - 2 potions of flight {unknown}
 z - a potion of curing {unknown}
 A - a potion of haste {unknown}
Comestibles
 f - 7 rations {@e1}
 x - 8 chunks of flesh {@w0}


   Skills:
 + Level 7.2 Fighting
 * Level 10.3 Staves
 - Level 2.0 Throwing
 - Level 3.2 Dodging


You had 7 spell levels left.
You didn't know any spells.

Dungeon Overview and Level Annotations

Branches:
Dungeon (5/15)
 Temple: D:4-7

Altars:
Cheibriados
Xom


Innate Abilities, Weirdness & Mutations

You reflexively headbutt those who attack you in melee.
You have a pair of horns on your head.


Message History

Dowan blinks!
You hit the shadow imp. The shadow imp hits you.
You hit the shadow imp but do no damage.
You closely miss the shadow imp. You headbutt the shadow imp.
The shadow imp hits you but does no damage.
You hit the shadow imp. You headbutt the shadow imp.
The shadow imp barely misses you. You furiously retaliate!
You headbutt the shadow imp.
You kill the shadow imp!
You closely miss the worker ant. You headbutt the worker ant!
The worker ant bites you.
You take 1 damage, and have 60/71 hp.
You hit the worker ant but do no damage.
The worker ant closely misses you. You furiously retaliate!
You headbutt the worker ant, but do no damage.
You hit the worker ant but do no damage.
You hit the worker ant but do no damage.
You barely miss the worker ant. The worker ant closely misses you.
The worker ant bites you.
You take 2 damage, and have 59/71 hp.
You sock the worker ant!
You kill the worker ant!
Your Fighting skill increases to level 7!
The worker ant bites you.
Your chain mail prevents you from hitting the worker ant.
The worker ant barely misses you.
You sock the worker ant!
The worker ant bites you but does no damage.
You sock the worker ant!
You kill the worker ant!
You sock Dowan! Dowan hits you but does no damage.
Your chain mail prevents you from hitting Dowan.
Dowan barely misses you. Dowan closely misses you.
You hit Dowan. Your headbutt misses Dowan. Dowan hits you with a dagger.
You take 1 damage, and have 59/73 hp.
You thump Dowan!
You kill Dowan!
No target in view!
You found a teleport trap!
You see here a worker ant corpse.
You butcher the worker ant corpse.
x - 5 chunks of flesh {@w0} (gained 1)
A - a metallic golden potion;
y - a rapier of holy wrath
Items here: ) [[ † a dagger; a robe; a leather armour; the elf corpse of Dowan You butcher the elf corpse of Dowan.
x - 8 chunks of flesh {@w0} (gained 3)
Things that are here:
a dagger; a robe; a leather armour
Things that are here:
a dagger; a robe; a leather armour
Found a snail-covered altar of Cheibriados.
You regained 2 hp, and now have 62/73 hp.
B - a knobbly glowing staff
f - 7 rations {@e1} (gained 1)
You open the door.
There is an open door here.
An orc priest comes into view. It is wielding a club.
The orc priest shouts!
An orc priest comes into view. It is wielding a whip.
You regained 4 hp, and now have 67/73 hp.
An orc comes into view. It is wielding a quarterstaff.
The orc shouts!
The orc priest shouts!
You hear a shout!
An orc priest comes into view. It is wielding a short sword.
The orc priest calls down the wrath of Beogh upon you.
Beogh smites you!
You take 16 damage, and have 51/73 hp.
MASSIVE DAMAGE!!
The orc priest mumbles some strange prayers to Beogh against you.
Beogh smites you!
You take 13 damage, and have 38/73 hp.
You are too injured to fight recklessly!
You are too injured to fight recklessly!
Unknown command.
You closely miss the orc priest.
The orc priest drinks a potion.
The orc priest suddenly seems more resistant.
The orc priest invokes the aid of Beogh against you.
Pain shoots through your body!
You take 14 damage, and have 24/73 hp.
You hit the orc priest. The orc hits you but does no damage.
The orc priest hits you but does no damage.
The orc priest looks encouraged for a moment.
You hit the orc priest. You headbutt the orc priest.
The orc priest invokes the aid of Beogh against you.
Beogh smites you!
* * * LOW HITPOINT WARNING * * *
You take 10 damage, and have 14/73 hp.
You hit the orc priest.
The orc priest hits you but does no damage.
The orc priest mumbles some strange prayers to Beogh against you.
Beogh smites you!
* * * LOW HITPOINT WARNING * * *
You take 11 damage, and have 3/73 hp.
You sock the orc priest!
You kill the orc priest!
The orc completely misses you.
The orc priest calls down the wrath of Beogh upon you.
Beogh smites you!
You die...

.............#
........$.... #..........
#.........# #...o.....#
#.........# #....o)...#
#....o@...##+#####
#.........#......#
#.........#...._.######
#.........#............
#.........#...[........
#########'###............
#............#.##........
#............#.##........
#............#.##....(...


You could see 2 orc priests and an orc.

Vanquished Creatures
  The ghost of schwasted the Chopper, an amateur MiFi (D:3)
  Duvessa (D:5)
  3 ogres
  A big kobold (Sewer)
  Dowan (D:5)
  A gnoll sergeant (D:4)
  A scorpion (D:4)
  A hound (D:4)
  3 orc wizards
  An orc priest (D:5)
  A centaur skeleton (D:4)
  Jessica (D:1)
  5 worker ants
  3 gnolls (D:4)
  6 adders
  A river rat (Sewer)
  A shadow imp (D:5)
  2 oozes
  An adder skeleton (D:4)
  A worm (D:3)
  5 leopard geckos
  16 orcs
  2 ball pythons
  2 giant cockroaches (D:4)
  10 goblins
  3 hobgoblins
  A jackal (Sewer)
  3 quokkas
  3 bats
  2 frilled lizards (D:1)
  10 kobolds
  7 rats
100 creatures vanquished.

Notes
Turn   | Place    | Note
-------+----------+-------------------------------------------
     0 | D:1      | Firecrotchwizard the Minotaur Gladiator began the quest for the Orb.
     0 | D:1      | Reached XP level 1. HP: 18/18 MP: 0/0
   140 | D:1      | Reached skill level 4 in Staves
   367 | D:1      | Reached XP level 2. HP: 25/25 MP: 1/1
   464 | D:1      | Reached skill level 3 in Fighting
   841 | D:2      | Noticed Jessica
   854 | D:1      | Killed Jessica
   854 | D:1      | Reached skill level 5 in Staves
   854 | D:1      | Reached XP level 3. HP: 31/31 MP: 2/2
  1034 | D:2      | Found a shimmering altar of Xom.
  1046 | D:2      | Reached XP level 4. HP: 30/38 MP: 3/3
  1476 | D:3      | Noticed schwasted's ghost (amateur MiFi)
  1782 | D:3      | HP: 10/40 [schwasted's ghost (14)]
  2102 | D:3      | Killed schwasted's ghost
  2102 | D:3      | Reached skill level 4 in Fighting
  2102 | D:3      | Reached skill level 6 in Staves
  2102 | D:3      | Reached XP level 5. HP: 15/47 MP: 4/4
  2105 | D:3      | Reached skill level 7 in Staves
  2300 | D:3      | Reached XP level 6. HP: 51/53 MP: 5/5
  2549 | D:2      | Reached skill level 5 in Fighting
  3149 | D:4      | Reached skill level 8 in Staves
  3218 | D:4      | Reached XP level 7. HP: 56/61 MP: 6/6
  3277 | D:4      | Found a glowing drain.
  3286 | Sewer    | Entered a sewer
  3391 | Sewer    | Found a white marble altar of Elyvilon.
  3519 | D:4      | Reached skill level 6 in Fighting
  3534 | D:4      | Reached skill level 9 in Staves
  3928 | D:4      | HP: 16/64 [poisoned by a gnoll sergeant]
  3933 | D:4      | HP: 9/64 [poisoned by a gnoll sergeant]
  3937 | D:4      | HP: 4/64 [poisoned by a gnoll sergeant]
  3942 | D:4      | HP: 16/64 [poisoned by a gnoll sergeant]
  3948 | D:4      | HP: 13/64 [poisoned by a gnoll sergeant]
  3953 | D:4      | HP: 11/64 [poisoned by a gnoll sergeant]
  3959 | D:4      | HP: 10/64 [poisoned by a gnoll sergeant]
  3967 | D:4      | HP: 10/64 [poisoned by a gnoll sergeant]
  4519 | D:5      | Entered Level 5 of the Dungeon
  4527 | D:5      | Reached XP level 8. HP: 71/71 MP: 7/7
  4565 | D:5      | Noticed Duvessa
  4568 | D:5      | Noticed Dowan
  4577 | D:5      | Killed Duvessa
  4577 | D:5      | Reached skill level 10 in Staves
  4588 | D:5      | Reached skill level 7 in Fighting
  4595 | D:5      | Killed Dowan
  4609 | D:5      | Found a snail-covered altar of Cheibriados.
  4637 | D:5      | HP: 14/73 [orc priest/divine providence (10)]
  4638 | D:5      | HP: 3/73 [orc priest/divine providence (11)]
  4639 | D:5      | Killed from afar by an orc priest

Vault maps used:
D:1:      dpeg_arrival_rooms_a
D:2:      xom_teletrap_fun, first_ration, uniq_jessica
D:3:      st_stairs_8
D:4:      portal_sewer_entry_d
D:5:      cheibriados_altar_1, uniq_grinder, uniq_duvessa
Sewer:    sewer_kobolds

Skill      XL: |  1  2  3  4  5  6  7  8 |
---------------+-------------------------+-----
Staves         | 4 5 6 7 8 9 10 | 10.3
Fighting       | 3 4 5 6 7 |  7.2
Throwing       | |  2.0
Dodging        | |  3.2

Action                   |  1- 3 |  4- 6 |  7- 9 || total
-------------------------+-------+-------+-------++-------
Melee: Quarterstaff      |    51 |   106 |   123 ||   280
       Headbutt          |     7 |    14 |    29 ||    50
  Use: Scroll            |       |     4 |       ||     4
       Potion            |       |       |     1 ||     1
  Eat: Chunk             |       |     4 |     1 ||     5
       Ration            |       |     1 |     1 ||     2
Armor: Leather armour    |     7 |       |       ||     7
       Ring mail         |       |    21 |       ||    21
       Chain mail        |       |     8 |    34 ||    42
Dodge: Dodged            |    27 |    70 |    60 ||   157

Table legend:
 A = Spawn XP
 B = Non-spawn XP
 C = Spawn XP percentage of total XP
 D = Spawn monster count
 E = Non-spawn monster count
 F = Spawn count percentage of total count
 G = Total turns spent on level
                    A         B        C        D         E        F      G
               +---------+---------+-------+---------+---------+-------+---------
         Total |       0 |    1781 |   0.0 |       0 |     100 |   0.0 |  4639
               +---------+---------+-------+---------+---------+-------+---------
           D:1 |       0 |      72 |   0.0 |       0 |      19 |   0.0 |   846
           D:2 |       0 |     115 |   0.0 |       0 |      17 |   0.0 |  1320
           D:3 |       0 |     473 |   0.0 |       0 |      27 |   0.0 |   970
           D:4 |       0 |     605 |   0.0 |       0 |      19 |   0.0 |  1235
           D:5 |       0 |     394 |   0.0 |       0 |       9 |   0.0 |   120
         Sewer |       0 |     122 |   0.0 |       0 |       9 |   0.0 |   148
               +---------+---------+-------+---------+---------+-------+---------

Vault maps used:
D:1:      dpeg_arrival_rooms_a
D:2:      xom_teletrap_fun, first_ration, uniq_jessica
D:3:      st_stairs_8
D:4:      portal_sewer_entry_d
D:5:      cheibriados_altar_1, uniq_grinder, uniq_duvessa
Sewer:    sewer_kobolds

Table legend:
 A = Turns spent in this place as a percentage of turns spent in the entire game.
 B = Non-inter-level travel turns spent in this place as a percentage of non-inter-level travel turns spent in the entire game.
 C = Inter-level travel turns spent in this place as a percentage of turns spent in this place.
 D = Turns resting spent in this place as a percentage of non-inter-level travel turns spent in this place.
 E = Turns spent auto-exploring this place as a percentage of non-inter-level travel turns spent in this place.
 F = Non-inter-level travel turns spent in this place divided by the number of levels of this place that you've seen.
                   A       B       C       D       E      F
               +-------+-------+-------+-------+-------+----------------------
         Total | 100.0 | 100.0 |   3.1 |  39.1 |  45.2 | 748.8
       Dungeon |  96.8 |  96.7 |   3.3 |  40.4 |  44.4 | 869.0
         Sewer |   3.2 |   3.3 |   0.0 |   2.7 |  66.2 | 148.0
               +-------+-------+-------+-------+-------+----------------------

Table legend:
 A = Kills in this place as a percentage of kills in entire the game.
 B = Kills by you in this place as a percentage of kills by you in the entire game.
 C = Kills by friends in this place as a percentage of kills by friends in the entire game.
 D = Other kills in this place as a percentage of other kills in the entire game.
 E = Experience gained in this place as a percentage of experience gained in the entire game.
 F = Experience gained in this place divided by the number of levels of this place that you have seen.
                   A       B       C       D       E      F
               +-------+-------+-------+-------+-------+----------------------
         Total | 100.0 | 100.0 |   N/A |   N/A | 100.0 | 296.8
       Dungeon |  91.0 |  91.0 |   N/A |   N/A |  93.1 | 331.8
         Sewer |   9.0 |   9.0 |   N/A |   N/A |   6.9 | 122.0
               +-------+-------+-------+-------+-------+----------------------
